 Dungeon Crawl Stone Soup version 0.23.2-1-ga50397a (webtiles) character file.

Game seed: 4999545879462502463

112 funkygono the Conjurer (level 4, 0/24 HPs)
             Began as a Tengu Conjurer on May 18, 2019.
             Slain by an orc wizard
             ... wielding a +0 dagger
              (5 damage)
             ... on level 3 of the Dungeon.
             The game lasted 00:05:55 (2196 turns).

funkygono the Conjurer (Tengu Conjurer)             Turns: 2196, Time: 00:05:58

Health: 0/24       AC:  2    Str:  8    XL:     4   Next: 93%
Magic:  4/8        EV: 13    Int: 17    God:
Gold:   80         SH:  0    Dex: 14    Spells: 0/7 levels left

rFire    . . .     SeeInvis .   e - +0 dagger
rCold    . . .     Gourm    .   (no shield)
rNeg     . . .     Faith    .   a - +0 robe
rPois    .         Spirit   .   (helmet restricted)
rElec    .         Reflect  .   (no cloak)
rCorr    .         Harm     .   (no gloves)
MR       .....                  (boots unavailable)
Stlth    ++........             d - amulet of magic regeneration
HPRegen  0.08/turn              (no ring)
MPRegen  0.36/turn              (no ring)

@: slowed, very slow
A: beak, talons 3
a: no special abilities


You were on level 3 of the Dungeon.
You were not hungry.

You visited 1 branch of the dungeon, and saw 3 of its levels.

You collected 80 gold pieces.

Inventory:

Hand Weapons
 e - a +0 dagger (weapon)
Armour
 a - a +0 robe (worn)
Jewellery
 d - an amulet of magic regeneration (around neck)
Scrolls
 b - a scroll of identify
 k - a scroll of remove curse
Potions
 f - a potion of ambrosia {unknown}
 g - a potion of heal wounds
 h - a potion of curing
 i - a potion of might
 j - a potion of haste {unknown}
Comestibles
 c - 4 rations
 l - 2 chunks of flesh


   Skills:
 + Level 0.3 Fighting
 + Level 0.4 Short Blades
 + Level 2.8 Dodging
 + Level 2.3 Stealth
 + Level 2.3 Spellcasting
 + Level 7.2 Conjurations


You couldn't memorise any spells.
You knew the following spells:

 Your Spells              Type           Power        Failure   Level  Hunger
a - Magic Dart            Conj           ####         1%          1    #......
b - Searing Ray           Conj           ####..       1%          2    ###....
c - Iskenderun's Mystic   Conj           ####....     10%         4    #####..

Your spell library contained the following spells:

 Spells                   Type           Power        Failure   Level  Hunger
 Dazzling Spray           Conj/Hex       ##....       13%         3    ###....
 Beastly Appendage        Tmut           #.....       19%         1    #......
 Sticks to Snakes         Tmut           #.......     28%         2    ###....
 Force Lance              Conj/Tloc      ##......     38%         4    #####..
 Fulminant Prism          Conj/Hex       ##........   38%         4    #####..
 Spider Form              Tmut/Pois      #.........   50%         3    ###....
 Ice Form                 Ice/Tmut       #.......     88%         4    #####..
 Blade Hands              Tmut           #.........   99%         5    ######.


Dungeon Overview and Level Annotations

Branches:
Dungeon (3/15)

Altars:
Dithmenos


Innate Abilities, Weirdness & Mutations

You have a beak for a mouth.
You have claws for feet.


Message History

Aiming: Magic Dart (safe; 1% risk of failure)
Press: ? - help, Shift-Dir - straight line, f/p - orc wizard
Aim: an orc wizard, wielding a +0 dagger and wearing a +0 robe (fast)
The magic dart hits the orc wizard.
The orc wizard is lightly wounded.
The orc wizard barely misses you.
The orc wizard hits you with a +0 dagger.
The orc wizard misses you.
Casting: Magic Dart (safe; 1% risk of failure)
Confirm with . or Enter, or press ? or * to list all spells.
Aiming: Searing Ray (safe; 1% risk of failure)
Press: ? - help, Shift-Dir - straight line, f/p - orc wizard
Aim: an orc wizard, wielding a +0 dagger and wearing a +0 robe (lightly wounded, fast)
The searing ray hits the orc wizard.
The orc wizard is moderately wounded. (Press . to maintain the ray.)
The orc wizard hits you with a +0 dagger. x2
* * * LOW HITPOINT WARNING * * *
The orc wizard hits you with a +0 dagger.
You die...

##########......#
#......# #......#
#......# #......#
#......### #
####.....#.#
#######.....#.#
#....@o.......# .
###.#.###.)..###..#
#.._).# #....#....#
#.#.### ###).......
... #..$..... ##.#
#........ #.
#........ #.
#.......[ #
#........


You could see an orc wizard.

Vanquished Creatures
  A howler monkey (D:2)
  A gnoll (D:1)
  2 adders
  An ooze (D:2)
  An adder skeleton (D:2)
  A worm (D:2)
  2 dart slugs
  A leopard gecko (D:1)
  2 orcs (D:3)
  A ball python (D:1)
  2 giant cockroaches (D:1)
  3 hobgoblins
  2 jackals (D:2)
  A quokka (D:2)
  4 bats (D:1)
  4 frilled lizards
  4 kobolds
  5 rats
38 creatures vanquished.

Notes
Turn   | Place    | Note
-------+----------+-------------------------------------------
     0 | D:1      | funkygono the Tengu Conjurer began the quest for the Orb.
     0 | D:1      | Reached XP level 1. HP: 10/10 MP: 4/4
   222 | D:1      | Reached XP level 2. HP: 15/15 MP: 4/6
   703 | D:1      | Reached skill level 6 in Conjurations
   703 | D:1      | Reached XP level 3. HP: 19/19 MP: 0/7
  1174 | D:2      | Reached XP level 4. HP: 24/24 MP: 1/8
  1420 | D:2      | Learned a level 2 spell: Searing Ray
  1425 | D:2      | Learned a level 4 spell: Iskenderun's Mystic Blast
  1476 | D:2      | Reached skill level 7 in Conjurations
  2159 | D:3      | Found a shadowy altar of Dithmenos.
  2196 | D:3      | Slain by an orc wizard

Skill      XL: |  1  2  3  4 |
---------------+-------------+-----
Conjurations   | 6 7 |  7.2
Fighting       | |  0.3
Short Blades   | |  0.4
Dodging        | |  2.8
Stealth        | |  2.3
Spellcasting   | |  2.3

Action                   |  1- 3 |  4- 6 || total
-------------------------+-------+-------++-------
Melee: Unarmed           |     4 |       ||     4
       Kick              |     3 |     3 ||     6
       Dagger            |     3 |     5 ||     8
 Cast: Magic Dart        |    44 |    38 ||    82
       Searing Ray       |       |     3 ||     3
  Use: Scroll            |     4 |     3 ||     7
  Eat: Ration            |     1 |       ||     1
       Chunk             |       |     2 ||     2
Dodge: Dodged            |    11 |     9 ||    20
